AoeStats
← TheQuietRiot

Golden Pit

509486758Analyzed
1v1 RM · 4d ago on Sep 26, 2026· 43m 8s· 2 players
Game mode
Random Map
Map size
Tiny (2 player)
Population
200
Speed
Normal
Resources
Standard
Victory
Conquest
Starting age
Dark Age
Ending age
Imperial Age
RankedLock teamsTeams togetherTeam positionsShared explorationLock speedFull tech treeHidden civsTurbo modeCheats
Victory
Defeat
🇬🇧 Saxons · United Kingdom
938
+17
🇺🇾 Wei · Uruguay
953
-46
TheQuietRiot
11:53 Feudal Age
12:27 Loom
12:29 Double-Bit Axe
20:10 Castle Age
18:37 Gold Mining
18:40 Stone Mining
19:04 Forging
18:52 Horse Collar
20:32 Bloodlines
20:44 Scale Barding Armor
20:57 Husbandry
29:22 Heavy Plow
30:41 Wheelbarrow
31:22 Bow Saw
34:20 Gold Shaft Mining
36:43 Imperial Age
34:33 Hand Cart
34:06 Town Watch
35:42 Iron Casting
35:08 Scale Mail Armor
35:00 Fletching
35:34 Chain Barding Armor
38:23 Town Patrol
39:27 Chemistry
38:34 Siege Engineers
38:40 Masonry
38:51 Ballistics
38:12 Treadmill Crane
38:51 Chain Mail Armor
38:28 Fletching
38:39 Padded Archer Armor
38:04 Elite Hearth Troop
39:06 Conscription
38:16 Shield Wall
39:33 Pikeman
40:14 Squires
39:35 Elite Varangian Guard
40:01 Gambesons
41:29 Fortified Wall
41:35 Murder Holes
42:34 Hoardings
41:21 Clerical Recruitment
SupremeDemon
1:29 Loom
12:46 Feudal Age
13:13 Double-Bit Axe
13:12 Horse Collar
14:51 Gold Mining
17:47 Wheelbarrow
20:21 Man-at-Arms
26:00 Castle Age
25:21 Forging
25:12 Scale Mail Armor
25:13 Stone Mining
29:41 Bloodlines
29:34 Husbandry
29:40 Husbandry
30:12 Hand Cart
29:43 Town Watch
31:01 Iron Casting
31:03 Pikeman
32:38 Bow Saw
33:16 Fletching
34:04 Heavy Plow
34:41 Gold Shaft Mining
38:35 Scale Barding Armor
38:47 Chain Mail Armor
42:17 Chain Barding Armor
41:54 Bodkin Arrow
Connection lost

Rejoining the realm…

Still unreachable

The connection could not be restored.

Session expired

The server has moved on; the page needs a fresh start.